cohdb
Replays
Latest Replays
All Replays
Popular Replays
Top Player Replays
Match Explorer
How It Works
Community
CoH3 Stats
Reddit
Sign in to upload your games and track your stats! →
Sign in with Steam
Match 40850833
Unlisted
Match 40850833
Overview
Messages
Build Orders
End
Panzergrenadier Squad
250 Light Carrier
Panzergrenadier Squad
Panzergrenadier Squad
Construct Light Support Kompanie
2.5-tonne Medical Truck
Fire Support Elements
Flakvierling Half-track
Selects Armored Support Battlegroup
Selects Veteran Gunners
le.IG 18 Support Gun Team
Selects Salvage Kits
Veteran Squad Leaders
Construct Panzerarmee Kommand
Pak 38 Anti-tank Gun Team
Panzer III L Medium Tank
Selects Panzer Storm
Panzerpioneer Squad
Panzer III L Medium Tank
Forward Retreat Point
Panzer III L Medium Tank
Selects Stuka Dive Bomb
Stuka Dive Bomb
Emergency Repair Kits
Panzer III L Medium Tank
Panzer III L Medium Tank
Selects Flammpanzer III Medium Tank
Vehicle Survival Package
Stuka Dive Bomb
Panzer III L Medium Tank
Tungsten Core Ammunition
Advanced Field Repairs
AI Takeover
一千個妓女的兒子
Adelfos88
Swat5.1
!Yes, I Still Hating My Mates31
カルト_くん
只有框A才能打败框A
The0ddGod
一杆大长枪的爹
0
0
Comments
sign in to comment!
No comments posted yet!